WCHLSIM.com - West Coast Hockey League
html PUBLIC "-//W3C//DTD XHTML 1.0 Transitional//EN" "http://www.w3.org/TR/xhtml1/DTD/xhtml1-transitional.dtd"> WCHL - Game 708 - ANAHEIM OUTLAWS vs SACRAMENTO BANDITS

ANAHEIM OUTLAWS vs SACRAMENTO BANDITS

Created - 21 janvier 2024 at 21:51

Goals
1 2 3 T
ANAHEIM OUTLAWS 0 3 1 4
SACRAMENTO BANDITS 0 2 0 2
Shots
1 2 3 T
ANAHEIM OUTLAWS 7 14 12 33
SACRAMENTO BANDITS 15 25 6 46

1st period

No Goal

Penalties :
Blake Wheeler (SAC) for Interference (Minor) at 0:41, Pierre Engvall (ANA) for High sticking (Double Minor) at 14:41

2nd period

1. SACRAMENTO BANDITS , Patrick Kane 15 (Nico Hischier 27) at 9:01
2. ANAHEIM OUTLAWS , Adrian Kempe 14 (Michael Bunting 15) at 9:30
3. SACRAMENTO BANDITS , Blake Wheeler 17 (Mark Scheifele 25, Marcus Johansson 13) at 9:46
4. ANAHEIM OUTLAWS , Morgan Rielly 8 (Michael Bunting 16, Jacob Trouba 17) at 11:26
5. ANAHEIM OUTLAWS , Jeff Skinner 18 (Noah Hanifin 27, Evgeny Kuznetsov 24) at 12:20

Penalties :
Jacob Trouba (ANA) for Tripping (Minor) at 6:59

3rd period

6. ANAHEIM OUTLAWS , Jeff Skinner 19 (Kevin Fiala 27, Noah Hanifin 28) at 14:35 (PP)

Penalties :
Brendan Smith (SAC) for High sticking (Minor) at 6:03, Brendan Smith (SAC) for Butt-ending (Major / Game Misconduct) at 13:04

Goalie Stats

Jacob Markstrom (ANA), 44 saves from 46 shots - (0,957), W, 22-18-5, 60:00 minutes
Daniel Vladar (SAC), 29 saves from 33 shots - (0,879), L, 3-3-4, 60:00 minutes

Players Stats for ANAHEIM OUTLAWS

Player Name              G  A  P  +/- PIM S  H  SB GA TA FO     MP     PP MP  PK MP  
------------------------------------------------------------------------------------
Adrian Kempe             1  0  1   2  0   4  1  0  0  0  6/24   16:25   0:22   0:29 
Carter Verhaeghe         0  0  0   2  0   1  1  0  0  0  0/3    15:34   0:00   0:00 
David Gustafsson         0  0  0  -1  0   1  0  0  0  0  0/0     4:24   0:00   0:00 
Evgeny Kuznetsov         0  1  1   0  0   4  2  0  0  0  0/4    18:52   4:22   0:00 
Henri Jokiharju          0  0  0   0  0   2  1  0  0  0  0/0    21:32   4:28   3:12 
Ian Mitchell             0  0  0   0  0   0  0  1  0  0  0/0    11:35   0:00   0:00 
Jack Quinn               0  0  0   0  0   3  0  0  0  0  0/1    10:37   0:00   0:00 
Jacob Trouba             0  1  1   0  2   0  4  4  0  0  0/0    22:29   4:29   2:00 
Jeff Skinner             2  0  2   0  0   9  0  0  0  0  4/9    21:43   4:35   2:38 
Joey Anderson            0  0  0   0  0   0  1  0  0  0  9/29   21:42   4:00   3:12 
Kent Johnson             0  0  0   0  0   1  0  0  0  0  0/6    18:11   4:35   2:59 
Kevin Fiala              0  1  1  -1  0   1  1  0  0  0  1/12    8:59   4:35   0:00 
Michael Bunting          0  2  2   2  0   2  4  0  0  0  1/2    22:34   4:22   2:38 
Morgan Rielly            1  0  1   1  0   1  0  3  0  0  0/0    27:21   4:29   3:14 
Noah Hanifin             0  2  2   1  0   3  3  1  0  0  0/0    25:27   4:28   3:30 
Pierre Engvall           0  0  0  -1  4   0  0  0  0  0  1/1     4:23   0:00   0:00 
Pius Suter               0  0  0   0  0   1  3  0  0  0  5/16   10:37   0:00   0:00 
Rasmus Ristolainen       0  0  0   0  0   0  3  0  0  0  0/0    11:35   0:00   0:00 

Players Stats for SACRAMENTO BANDITS

Player Name              G  A  P  +/- PIM S  H  SB GA TA FO     MP     PP MP  PK MP  
------------------------------------------------------------------------------------
Alex Chiasson            0  0  0   1  0   0  0  0  0  0  3/4    11:30   0:00   0:00 
Blake Wheeler            1  0  1   0  2   10 0  0  0  0  1/1    16:21   2:44   0:00 
Brendan Smith            0  0  0   1  17  0  1  0  0  0  0/0    11:06   0:00   0:00 
Christian Fischer        0  0  0   0  0   0  0  0  0  0  5/6     3:30   0:00   0:00 
David Perron             0  0  0  -2  0   5  2  0  0  0  2/2    23:16   3:14   3:35 
Dominik Kubalik          0  0  0   0  0   0  0  0  0  0  0/0     3:30   0:00   0:00 
Eetu Luostarinen         0  0  0   1  0   1  0  0  0  0  9/15   12:22   0:00   0:52 
Janis Moser              0  0  0   0  0   2  0  1  0  0  0/0    21:32   2:54   4:22 
Jonathan Huberdeau       0  0  0   1  0   5  0  0  0  0  0/0    11:30   0:00   0:00 
Marc-Edouard Vlasic      0  0  0  -2  0   1  3  3  0  0  0/0    25:00   3:04   3:54 
Marcus Johansson         0  1  1   0  0   3  2  0  0  0  1/4    16:22   2:44   0:00 
Mark Scheifele           0  1  1   0  0   5  2  2  0  0  20/25  21:44   2:44   5:22 
Nico Hischier            0  1  1  -2  0   8  1  0  0  0  36/47  24:11   3:14   4:30 
Oliver Ekman-Larsson     0  0  0   1  0   0  0  3  0  0  0/0    13:44   0:00   0:57 
Patrick Kane             1  0  1  -2  0   4  1  0  0  0  3/3    23:16   3:14   3:35 
Patrick Maroon           0  0  0   0  0   0  1  0  0  0  0/0     3:56   0:00   0:26 
Rasmus Sandin            0  0  0   0  0   0  0  0  0  0  0/0    21:02   2:54   3:52 
Ryan McDonagh            0  0  0  -2  0   2  2  2  0  0  0/0    27:08   3:04   4:23 

3 Stars

1 - Jacob Markstrom (ANA)
2 - Michael Bunting (ANA)
3 - Jeff Skinner (ANA)

Power Play

ANAHEIM OUTLAWS - 1 on 4 Attempt(s) - 25,00%
SACRAMENTO BANDITS - 0 on 3 Attempt(s) - 0,00%

Penalty Kill

ANAHEIM OUTLAWS - 3 on 3 Attempt(s) - 100,00% - Score 0 goal in Penalty Kill
SACRAMENTO BANDITS - 3 on 4 Attempt(s) - 75,00% - Score 0 goal in Penalty Kill

Team Stat

ANAHEIM OUTLAWS - Hits : 24 - Faceoff Wins : 27 - Blocked Shots : 9 - Penalty Minutes : 6
SACRAMENTO BANDITS - Hits : 15 - Faceoff Wins : 80 - Blocked Shots : 11 - Penalty Minutes : 19

Official

Referees : Peter MacDougall and Andrew Wilk
Linesman : Brandon Gawryletz and Jim Harper

Game Notes

Brendan Smith (SAC) for Butt-ending (Major / Game Misconduct) at 13:04
Brendan Smith ejected from game at 13:04 of 3rd period

Finance

Level 1 -- Attendance: 6205 (100,00%) -- Ticket Income 992 800 $
Level 2 -- Attendance: 4379 (82,94%) -- Ticket Income 613 060 $
Level 3 -- Attendance: 1931 (90,44%) -- Ticket Income 231 720 $
Level 4 -- Attendance: 3279 (76,61%) -- Ticket Income 295 110 $
Luxury Box -- Attendance: 1010 (100,00%) -- Ticket Income 303 000 $
Game was played at the Sacramento Center Palace.
Total Attendance: 16804 (88,86%)
Total Ticket Income: 2 435 690 $
Other Expense: 24 357 $
Total Income: 2 411 333 $

ANAHEIM OUTLAWS

5 vs 5 Forward 
   Center                   Left Wing                Right Wing               Time % Phy DF OF 
 1 Joey Anderson            Jeff Skinner             Evgeny Kuznetsov         36     1   2  2  
 2 Adrian Kempe             Michael Bunting          Carter Verhaeghe         31     1   2  2  
 3 Pius Suter               Kent Johnson             Jack Quinn               23     1   2  2  
 4 Kevin Fiala              Pierre Engvall           David Gustafsson         10     1   2  2  

5 vs 5 Defense 
   Defense                  Defense                                           Time % Phy DF OF 
 1 Jacob Trouba             Morgan Rielly                                     36     1   2  2  
 2 Noah Hanifin             Henri Jokiharju                                   31     1   2  2  
 3 Rasmus Ristolainen       Ian Mitchell                                      23     1   2  2  
 4 Noah Hanifin             Morgan Rielly                                     10     1   2  2  

PowerPlay Forward 
   Center                   Left Wing                Right Wing               Time % Phy DF OF 
 1 Kevin Fiala              Jeff Skinner             Kent Johnson             55     1   2  2  
 2 Joey Anderson            Michael Bunting          Evgeny Kuznetsov         45     1   2  2  

PowerPlay Defense
   Defense                  Defense                                           Time % Phy DF OF 
 1 Jacob Trouba             Morgan Rielly                                     55     1   2  2  
 2 Noah Hanifin             Henri Jokiharju                                   45     1   2  2  

Penalty Kill 4 Players Forward 
   Center                   Wing                     Time % Phy DF OF 
 1 Kent Johnson             Joey Anderson            55     1   2  2  
 2 Jeff Skinner             Michael Bunting          45     1   2  2  

Penalty Kill 4 Players Defense
   Defense                  Defense                  Time % Phy DF OF 
 1 Jacob Trouba             Morgan Rielly            55     1   2  2  
 2 Noah Hanifin             Henri Jokiharju          45     1   2  2  

Penalty Kill - 3 Players Forward 
   Forward                                           Time % Phy DF OF 
 1 Kent Johnson                                      55     1   2  2  
 2 Michael Bunting                                   45     1   2  2  

Penalty Kill - 3 Players Defense
   Defense                  Defense                  Time % Phy DF OF 
 1 Rasmus Ristolainen       Morgan Rielly            55     1   2  2  
 2 Noah Hanifin             Henri Jokiharju          45     1   2  2  

4 vs 4 Forward 
   Center                   Wing                     Time % Phy DF OF 
 1 Jeff Skinner             Joey Anderson            55     1   2  2  
 2 Kent Johnson             Michael Bunting          45     1   2  2  

4 vs 4 Defense
   Defense                  Defense                  Time % Phy DF OF 
 1 Jacob Trouba             Morgan Rielly            55     1   2  2  
 2 Noah Hanifin             Henri Jokiharju          45     1   2  2  

Last Minutes Offensive
   Center                   Left Wing                Right Wing               Defense                  Defense                  
   Joey Anderson            Evgeny Kuznetsov         Jeff Skinner             Jacob Trouba             Morgan Rielly            

Last Minutes Defensive
   Center                   Left Wing                Right Wing               Defense                  Defense                  
   Joey Anderson            Evgeny Kuznetsov         Jeff Skinner             Jacob Trouba             Morgan Rielly            

Goaltenders
Starting : Jacob Markstrom          
Backup : Mackenzie Blackwood      

Extra Forwards
Normal : Jeff Skinner, Michael Bunting, Kent Johnson - PP : Michael Bunting, Kent Johnson - PK : Kent Johnson
Extra Defensemen
Normal : Morgan Rielly, Noah Hanifin, Henri Jokiharju - PP : Morgan Rielly - PK : Noah Hanifin, Morgan Rielly
Penalty Shots
Kent Johnson, Joey Anderson, Evgeny Kuznetsov, Michael Bunting, Jeff Skinner
Custom OT Lines Forwards
Joey Anderson, Evgeny Kuznetsov, Jeff Skinner, Michael Bunting, Adrian Kempe, Carter Verhaeghe, David Gustafsson, Pierre Engvall, Kent Johnson, Jack Quinn
Custom OT Lines Defensemen
Rasmus Ristolainen, Morgan Rielly, Noah Hanifin, Henri Jokiharju, Jacob Trouba

Scratches
Michael Rasmussen (Healthy), Victor Soderstrom (Healthy)

SACRAMENTO BANDITS

5 vs 5 Forward 
   Center                   Left Wing                Right Wing               Time % Phy DF OF 
 1 Nico Hischier            David Perron             Patrick Kane             36     1   2  2  
 2 Mark Scheifele           Marcus Johansson         Blake Wheeler            31     1   2  2  
 3 Eetu Luostarinen         Jonathan Huberdeau       Alex Chiasson            23     1   2  2  
 4 Christian Fischer        Dominik Kubalik          Patrick Maroon           10     1   2  2  

5 vs 5 Defense 
   Defense                  Defense                                           Time % Phy DF OF 
 1 Ryan McDonagh            Marc-Edouard Vlasic                               36     1   2  2  
 2 Janis Moser              Rasmus Sandin                                     31     1   2  2  
 3 Oliver Ekman-Larsson     Brendan Smith                                     23     1   2  2  
 4 Ryan McDonagh            Marc-Edouard Vlasic                               10     1   2  2  

PowerPlay Forward 
   Center                   Left Wing                Right Wing               Time % Phy DF OF 
 1 Nico Hischier            David Perron             Patrick Kane             55     1   2  2  
 2 Mark Scheifele           Marcus Johansson         Blake Wheeler            45     1   2  2  

PowerPlay Defense
   Defense                  Defense                                           Time % Phy DF OF 
 1 Ryan McDonagh            Marc-Edouard Vlasic                               55     1   2  2  
 2 Janis Moser              Rasmus Sandin                                     45     1   2  2  

Penalty Kill 4 Players Forward 
   Center                   Wing                     Time % Phy DF OF 
 1 Nico Hischier            Mark Scheifele           55     1   2  2  
 2 Patrick Kane             David Perron             45     1   2  2  

Penalty Kill 4 Players Defense
   Defense                  Defense                  Time % Phy DF OF 
 1 Ryan McDonagh            Marc-Edouard Vlasic      55     1   2  2  
 2 Janis Moser              Rasmus Sandin            45     1   2  2  

Penalty Kill - 3 Players Forward 
   Forward                                           Time % Phy DF OF 
 1 Nico Hischier                                     55     1   2  2  
 2 Mark Scheifele                                    45     1   2  2  

Penalty Kill - 3 Players Defense
   Defense                  Defense                  Time % Phy DF OF 
 1 Ryan McDonagh            Marc-Edouard Vlasic      55     1   2  2  
 2 Janis Moser              Rasmus Sandin            45     1   2  2  

4 vs 4 Forward 
   Center                   Wing                     Time % Phy DF OF 
 1 Blake Wheeler            Mark Scheifele           55     1   2  2  
 2 Patrick Kane             David Perron             45     1   2  2  

4 vs 4 Defense
   Defense                  Defense                  Time % Phy DF OF 
 1 Ryan McDonagh            Marc-Edouard Vlasic      55     1   2  2  
 2 Janis Moser              Rasmus Sandin            45     1   2  2  

Last Minutes Offensive
   Center                   Left Wing                Right Wing               Defense                  Defense                  
   Blake Wheeler            David Perron             Patrick Kane             Ryan McDonagh            Marc-Edouard Vlasic      

Last Minutes Defensive
   Center                   Left Wing                Right Wing               Defense                  Defense                  
   Blake Wheeler            David Perron             Patrick Kane             Ryan McDonagh            Marc-Edouard Vlasic      

Goaltenders
Starting : Daniel Vladar            
Backup : Louis Domingue           

Extra Forwards
Normal : Patrick Maroon, Jonathan Huberdeau, Eetu Luostarinen - PP : Patrick Maroon, Jonathan Huberdeau - PK : Eetu Luostarinen
Extra Defensemen
Normal : Ryan McDonagh, Brendan Smith, Janis Moser - PP : Marc-Edouard Vlasic - PK : Brendan Smith, Janis Moser
Penalty Shots
Blake Wheeler, Mark Scheifele, Patrick Kane, David Perron, Marcus Johansson
Custom OT Lines Forwards
Blake Wheeler, Mark Scheifele, Patrick Kane, David Perron, Marcus Johansson, Jonathan Huberdeau, Eetu Luostarinen, Dominik Kubalik, Christian Fischer, Patrick Maroon
Custom OT Lines Defensemen
Ryan McDonagh, Marc-Edouard Vlasic, Janis Moser, Rasmus Sandin, Brendan Smith

Scratches
Danil Gushchin (Torn Left Knee Ligaments Injury), Alex Nedeljkovic (Strained Right Elbow Injury), Jaroslav Halak (Broken Right Foot Toe Injury), Jean-Francois Berube (Healthy)

% Time on Ice - ANAHEIM OUTLAWS

Lines # - Real PCT - Wanted PCT - Time Play
Normal Forward
1 - 32% - 36% - 14:30
2 - 35% - 31% - 15:34
3 - 24% - 23% - 10:37
4 - 10% - 10% - 4:24
Normal Defense
1 - 36% - 36% - 16:01
2 - 31% - 31% - 13:52
3 - 26% - 23% - 11:35
4 - 8% - 10% - 3:37
PP Forward
1 - 51% - 55% - 4:35
2 - 49% - 45% - 4:22
PP Defense
1 - 50% - 55% - 4:29
2 - 50% - 45% - 4:28
PK Forward
1 - 56% - 55% - 3:20
2 - 44% - 45% - 2:38
PK Defense
1 - 54% - 55% - 3:14
2 - 46% - 45% - 2:44
PK3 Forward
1 - 0% - 55%
2 - 0% - 45%
PK3 Defense
1 - 0% - 55%
2 - 0% - 45%
44 Forward
1 - 0% - 55%
2 - 0% - 45%
44 Defense
1 - 0% - 55%
2 - 0% - 45%
Last Minute Offensive  - 0:00
Last Minute Defensive  - 0:00
Total
Forward - 60:00
Defense - 60:00

% Time on Ice - SACRAMENTO BANDITS

Lines # - Real PCT - Wanted PCT - Time Play
Normal Forward
1 - 36% - 36% - 16:27
2 - 30% - 31% - 13:38
3 - 26% - 23% - 11:30
4 - 8% - 10% - 3:30
Normal Defense
1 - 34% - 36% - 15:21
2 - 32% - 31% - 14:16
3 - 28% - 23% - 12:47
4 - 6% - 10% - 2:41
PP Forward
1 - 54% - 55% - 3:14
2 - 46% - 45% - 2:44
PP Defense
1 - 51% - 55% - 3:04
2 - 49% - 45% - 2:54
PK Forward
1 - 60% - 55% - 5:22
2 - 40% - 45% - 3:35
PK Defense
1 - 54% - 55% - 4:49
2 - 46% - 45% - 4:08
PK3 Forward
1 - 0% - 55%
2 - 0% - 45%
PK3 Defense
1 - 0% - 55%
2 - 0% - 45%
44 Forward
1 - 0% - 55%
2 - 0% - 45%
44 Defense
1 - 0% - 55%
2 - 0% - 45%
Last Minute Offensive  - 0:00
Last Minute Defensive  - 0:00
Total
Forward - 60:00
Defense - 60:00

Play-by-Play

1st period


0:01 of 1st period - Nico Hischier wins face-off versus Joey Anderson in neutral zone.
0:07 of 1st period - Nico Hischier is hit by Jacob Trouba and loses puck.
0:22 of 1st period - Shot by David Perron.
0:22 of 1st period - Shot Misses the Net.
0:24 of 1st period - Shot by Marc-Edouard Vlasic.
0:24 of 1st period - Stopped by Jacob Markstrom without a rebound.
0:25 of 1st period - Mark Scheifele wins face-off versus Adrian Kempe in ANAHEIM OUTLAWS zone.
0:41 of 1st period - Minor Penalty to Blake Wheeler for Interference.
0:42 of 1st period - Nico Hischier wins face-off versus Kevin Fiala in SACRAMENTO BANDITS zone.
0:42 of 1st period - Nico Hischier is hit by Kevin Fiala.
1:05 of 1st period - Shot by Jacob Trouba.
1:05 of 1st period - Deflect By Kevin Fiala.
1:05 of 1st period - Shot Misses the Net.
1:32 of 1st period - Icing by Kevin Fiala.
1:33 of 1st period - Nico Hischier wins face-off versus Kevin Fiala in ANAHEIM OUTLAWS zone.
1:36 of 1st period - Shot by Nico Hischier.
1:36 of 1st period - Shot Misses the Net.
2:08 of 1st period - Shot by Evgeny Kuznetsov.
2:08 of 1st period - Stopped by Daniel Vladar without a rebound.
2:09 of 1st period - Nico Hischier wins face-off versus Joey Anderson in SACRAMENTO BANDITS zone.
2:36 of 1st period - Shot by Noah Hanifin.
2:36 of 1st period - Stopped by Daniel Vladar with a rebound.
2:38 of 1st period - Shot by Noah Hanifin.
2:38 of 1st period - Shot Misses the Net.
3:01 of 1st period - Icing by Brendan Smith.
3:02 of 1st period - Eetu Luostarinen wins face-off versus Kevin Fiala in SACRAMENTO BANDITS zone.
3:29 of 1st period - Shot by Eetu Luostarinen.
3:29 of 1st period - Shot Misses the Net.
3:54 of 1st period - Off-side.
3:55 of 1st period - Marcus Johansson wins face-off versus Adrian Kempe in neutral zone.
3:58 of 1st period - Shot by Mark Scheifele.
3:58 of 1st period - Stopped by Jacob Markstrom with a rebound.
4:00 of 1st period - Shot by Blake Wheeler.
4:00 of 1st period - Stopped by Jacob Markstrom without a rebound.
4:01 of 1st period - Mark Scheifele wins face-off versus Joey Anderson in ANAHEIM OUTLAWS zone.
4:10 of 1st period - Shot by Marcus Johansson.
4:10 of 1st period - Stopped by Jacob Markstrom without a rebound.
4:11 of 1st period - Nico Hischier wins face-off versus Adrian Kempe in ANAHEIM OUTLAWS zone.
4:30 of 1st period - Shot by David Perron.
4:30 of 1st period - Stopped by Jacob Markstrom without a rebound.
4:31 of 1st period - Joey Anderson wins face-off versus Marcus Johansson in ANAHEIM OUTLAWS zone.
4:31 of 1st period - Joey Anderson is hit by Marcus Johansson.
4:40 of 1st period - Jeff Skinner is hit by Marc-Edouard Vlasic and loses puck.
6:02 of 1st period - Noah Hanifin is hit by Patrick Kane and loses puck.
6:12 of 1st period - Shot by David Perron.
6:12 of 1st period - Shot Misses the Net.
6:51 of 1st period - Icing by Oliver Ekman-Larsson.
6:52 of 1st period - Christian Fischer wins face-off versus Pius Suter in SACRAMENTO BANDITS zone.
6:52 of 1st period - Christian Fischer is hit by Pius Suter.
7:06 of 1st period - Shot by Jacob Trouba.
7:06 of 1st period - Shot Misses the Net.
7:10 of 1st period - Shot by Kent Johnson.
7:10 of 1st period - Shot Misses the Net.
7:41 of 1st period - Icing by Oliver Ekman-Larsson.
7:42 of 1st period - Christian Fischer wins face-off versus Joey Anderson in SACRAMENTO BANDITS zone.
7:42 of 1st period - Christian Fischer is hit by Evgeny Kuznetsov.
8:04 of 1st period - Shot by Patrick Kane.
8:04 of 1st period - Stopped by Jacob Markstrom without a rebound.
8:05 of 1st period - Pierre Engvall wins face-off versus Eetu Luostarinen in ANAHEIM OUTLAWS zone.
8:09 of 1st period - Icing by Morgan Rielly.
8:10 of 1st period - Patrick Kane wins face-off versus Kevin Fiala in ANAHEIM OUTLAWS zone.
8:23 of 1st period - Shot by Patrick Kane.
8:23 of 1st period - Stopped by Jacob Markstrom without a rebound.
8:24 of 1st period - Eetu Luostarinen wins face-off versus Evgeny Kuznetsov in ANAHEIM OUTLAWS zone.
8:29 of 1st period - Shot by Jonathan Huberdeau.
8:29 of 1st period - Stopped by Jacob Markstrom without a rebound.
8:30 of 1st period - Alex Chiasson wins face-off versus Joey Anderson in ANAHEIM OUTLAWS zone.
8:36 of 1st period - Morgan Rielly is hit by Marc-Edouard Vlasic and loses puck.
8:49 of 1st period - Shot by Evgeny Kuznetsov.
8:49 of 1st period - Stopped by Daniel Vladar without a rebound.
8:50 of 1st period - Mark Scheifele wins face-off versus Pius Suter in SACRAMENTO BANDITS zone.
9:06 of 1st period - Icing by Rasmus Ristolainen.
9:07 of 1st period - Nico Hischier wins face-off versus Pius Suter in ANAHEIM OUTLAWS zone.
9:19 of 1st period - Icing by Rasmus Ristolainen.
9:20 of 1st period - Mark Scheifele wins face-off versus Pius Suter in ANAHEIM OUTLAWS zone.
9:28 of 1st period - Icing by Ian Mitchell.
9:29 of 1st period - Nico Hischier wins face-off versus Pius Suter in ANAHEIM OUTLAWS zone.
9:51 of 1st period - David Perron is hit by Rasmus Ristolainen and loses puck.
10:03 of 1st period - Icing by Ryan McDonagh.
10:04 of 1st period - Joey Anderson wins face-off versus Nico Hischier in SACRAMENTO BANDITS zone.
10:25 of 1st period - Shot by Jeff Skinner.
10:25 of 1st period - Stopped by Daniel Vladar with a rebound.
10:37 of 1st period - Icing by Morgan Rielly.
10:38 of 1st period - Mark Scheifele wins face-off versus Jeff Skinner in ANAHEIM OUTLAWS zone.
11:05 of 1st period - Shot by Mark Scheifele.
11:05 of 1st period - Shot Blocked by Jacob Trouba.
11:15 of 1st period - Shot by Blake Wheeler.
11:15 of 1st period - Shot Misses the Net.
11:17 of 1st period - Shot by Blake Wheeler.
11:17 of 1st period - Shot Misses the Net.
11:42 of 1st period - Morgan Rielly is hit by Marcus Johansson and loses puck.
11:50 of 1st period - Icing by Morgan Rielly.
11:51 of 1st period - Eetu Luostarinen wins face-off versus Joey Anderson in ANAHEIM OUTLAWS zone.
12:03 of 1st period - Shot by Eetu Luostarinen.
12:03 of 1st period - Shot Misses the Net.
12:05 of 1st period - Shot by Jonathan Huberdeau.
12:05 of 1st period - Stopped by Jacob Markstrom without a rebound.
12:06 of 1st period - Nico Hischier wins face-off versus Adrian Kempe in ANAHEIM OUTLAWS zone.
12:07 of 1st period - Shot by Patrick Kane.
12:07 of 1st period - Shot Misses the Net.
12:10 of 1st period - Icing by Noah Hanifin.
12:11 of 1st period - Eetu Luostarinen wins face-off versus Adrian Kempe in ANAHEIM OUTLAWS zone.
12:11 of 1st period - Eetu Luostarinen is hit by Noah Hanifin.
12:23 of 1st period - Shot by Jonathan Huberdeau.
12:23 of 1st period - Stopped by Jacob Markstrom without a rebound.
12:24 of 1st period - Nico Hischier wins face-off versus Kent Johnson in ANAHEIM OUTLAWS zone.
12:37 of 1st period - Shot by Nico Hischier.
12:37 of 1st period - Shot Blocked by Ian Mitchell.
12:47 of 1st period - Shot by Kent Johnson.
12:47 of 1st period - Stopped by Daniel Vladar with a rebound.
12:49 of 1st period - Shot by Pius Suter.
12:49 of 1st period - Stopped by Daniel Vladar without a rebound.
12:50 of 1st period - Adrian Kempe wins face-off versus Eetu Luostarinen in SACRAMENTO BANDITS zone.
13:16 of 1st period - Carter Verhaeghe is hit by Ryan McDonagh and loses puck.
13:37 of 1st period - Eetu Luostarinen is hit by Carter Verhaeghe and loses puck.
13:59 of 1st period - Mark Scheifele is hit by Rasmus Ristolainen and loses puck.
14:22 of 1st period - Shot by Marcus Johansson.
14:22 of 1st period - Shot Misses the Net.
14:41 of 1st period - Double Minor Penalty to Pierre Engvall for High sticking.
14:42 of 1st period - Nico Hischier wins face-off versus Michael Bunting in ANAHEIM OUTLAWS zone.
15:00 of 1st period - Shot by Patrick Kane.
15:00 of 1st period - Shot Misses the Net.
15:04 of 1st period - Shot by Patrick Kane.
15:04 of 1st period - Deflect By Nico Hischier.
15:04 of 1st period - Shot Blocked by Jacob Trouba.
15:06 of 1st period - Shot by Ryan McDonagh.
15:06 of 1st period - Shot Misses the Net.
15:08 of 1st period - Shot by Marc-Edouard Vlasic.
15:08 of 1st period - Shot Misses the Net.
15:10 of 1st period - Shot by Nico Hischier.
15:10 of 1st period - Stopped by Jacob Markstrom without a rebound.
15:11 of 1st period - Jeff Skinner wins face-off versus Mark Scheifele in ANAHEIM OUTLAWS zone.
15:22 of 1st period - Shot by Mark Scheifele.
15:22 of 1st period - Stopped by Jacob Markstrom without a rebound.
15:23 of 1st period - Jeff Skinner wins face-off versus Nico Hischier in ANAHEIM OUTLAWS zone.
16:14 of 1st period - Shot by Blake Wheeler.
16:14 of 1st period - Stopped by Jacob Markstrom without a rebound.
16:15 of 1st period - Mark Scheifele wins face-off versus Kent Johnson in ANAHEIM OUTLAWS zone.
16:22 of 1st period - Shot by Marcus Johansson.
16:22 of 1st period - Stopped by Jacob Markstrom without a rebound.
16:23 of 1st period - Mark Scheifele wins face-off versus Jeff Skinner in ANAHEIM OUTLAWS zone.
16:26 of 1st period - Shot by Mark Scheifele.
16:26 of 1st period - Shot Misses the Net.
16:44 of 1st period - Shot by Mark Scheifele.
16:44 of 1st period - Shot Misses the Net.
16:46 of 1st period - Shot by Marcus Johansson.
16:46 of 1st period - Stopped by Jacob Markstrom without a rebound.
16:47 of 1st period - Nico Hischier wins face-off versus Kent Johnson in ANAHEIM OUTLAWS zone.
16:47 of 1st period - Nico Hischier is hit by Jacob Trouba.
18:04 of 1st period - Shot by Ryan McDonagh.
18:04 of 1st period - Shot Misses the Net.
18:59 of 1st period - Shot by David Gustafsson.
18:59 of 1st period - Stopped by Daniel Vladar without a rebound.
19:00 of 1st period - Christian Fischer wins face-off versus Adrian Kempe in SACRAMENTO BANDITS zone.
19:34 of 1st period - Brendan Smith is hit by Michael Bunting and loses puck.
Goals for this period are 0 for ANAHEIM OUTLAWS vs 0 for SACRAMENTO BANDITS.
Shots for this period are 7 for ANAHEIM OUTLAWS vs 15 for SACRAMENTO BANDITS.

2nd period


0:01 of 2nd period - Nico Hischier wins face-off versus Joey Anderson in neutral zone.
0:15 of 2nd period - Icing by Marc-Edouard Vlasic.
0:16 of 2nd period - Adrian Kempe wins face-off versus Nico Hischier in SACRAMENTO BANDITS zone.
0:21 of 2nd period - Shot by Adrian Kempe.
0:21 of 2nd period - Shot Blocked by Marc-Edouard Vlasic.
0:31 of 2nd period - Shot by Nico Hischier.
0:31 of 2nd period - Shot Misses the Net.
0:33 of 2nd period - Shot by Nico Hischier.
0:33 of 2nd period - Stopped by Jacob Markstrom without a rebound.
0:34 of 2nd period - Mark Scheifele wins face-off versus Joey Anderson in ANAHEIM OUTLAWS zone.
0:46 of 2nd period - Mark Scheifele is hit by Noah Hanifin and loses puck.
0:53 of 2nd period - Shot by Blake Wheeler.
0:53 of 2nd period - Stopped by Jacob Markstrom without a rebound.
0:54 of 2nd period - Adrian Kempe wins face-off versus Nico Hischier in ANAHEIM OUTLAWS zone.
1:01 of 2nd period - Shot by Patrick Kane.
1:01 of 2nd period - Shot Misses the Net.
1:04 of 2nd period - Icing by Jacob Trouba.
1:05 of 2nd period - Adrian Kempe wins face-off versus Marcus Johansson in ANAHEIM OUTLAWS zone.
1:09 of 2nd period - Off-side.
1:10 of 2nd period - Nico Hischier wins face-off versus Joey Anderson in neutral zone.
1:30 of 2nd period - Noah Hanifin is hit by Ryan McDonagh and loses puck.
1:58 of 2nd period - Off-side.
1:59 of 2nd period - Mark Scheifele wins face-off versus Adrian Kempe in neutral zone.
2:18 of 2nd period - Shot by Carter Verhaeghe.
2:18 of 2nd period - Shot Blocked by Mark Scheifele.
2:34 of 2nd period - Shot by Blake Wheeler.
2:34 of 2nd period - Stopped by Jacob Markstrom without a rebound.
2:35 of 2nd period - Eetu Luostarinen wins face-off versus Pius Suter in ANAHEIM OUTLAWS zone.
2:50 of 2nd period - Shot by Jonathan Huberdeau.
2:50 of 2nd period - Shot Hit the Post.
3:24 of 2nd period - Icing by Brendan Smith.
3:25 of 2nd period - Eetu Luostarinen wins face-off versus Joey Anderson in SACRAMENTO BANDITS zone.
3:50 of 2nd period - Shot by Jeff Skinner.
3:50 of 2nd period - Stopped by Daniel Vladar without a rebound.
3:51 of 2nd period - Nico Hischier wins face-off versus Adrian Kempe in SACRAMENTO BANDITS zone.
3:56 of 2nd period - Shot by Ryan McDonagh.
3:56 of 2nd period - Stopped by Jacob Markstrom without a rebound.
3:57 of 2nd period - Adrian Kempe wins face-off versus Nico Hischier in ANAHEIM OUTLAWS zone.
4:06 of 2nd period - Shot by David Perron.
4:06 of 2nd period - Stopped by Jacob Markstrom with a rebound.
4:08 of 2nd period - Shot by David Perron.
4:08 of 2nd period - Shot Blocked by Morgan Rielly.
4:10 of 2nd period - Shot by Nico Hischier.
4:10 of 2nd period - Shot Misses the Net.
4:38 of 2nd period - Shot by Patrick Kane.
4:38 of 2nd period - Deflect By Nico Hischier.
4:38 of 2nd period - Stopped by Jacob Markstrom without a rebound.
4:39 of 2nd period - Mark Scheifele wins face-off versus Joey Anderson in ANAHEIM OUTLAWS zone.
4:55 of 2nd period - Shot by Blake Wheeler.
4:55 of 2nd period - Shot Misses the Net.
4:57 of 2nd period - Shot by Blake Wheeler.
4:57 of 2nd period - Stopped by Jacob Markstrom with a rebound.
4:59 of 2nd period - Shot by Janis Moser.
4:59 of 2nd period - Stopped by Jacob Markstrom without a rebound.
5:00 of 2nd period - Pius Suter wins face-off versus Christian Fischer in ANAHEIM OUTLAWS zone.
5:00 of 2nd period - Pius Suter is hit by Patrick Maroon.
5:17 of 2nd period - Off-side.
5:18 of 2nd period - Nico Hischier wins face-off versus Evgeny Kuznetsov in neutral zone.
5:20 of 2nd period - Off-side.
5:21 of 2nd period - Joey Anderson wins face-off versus Nico Hischier in neutral zone.
5:21 of 2nd period - Joey Anderson is hit by David Perron.
5:27 of 2nd period - Shot by Evgeny Kuznetsov.
5:27 of 2nd period - Shot Misses the Net.
5:29 of 2nd period - Shot by Noah Hanifin.
5:29 of 2nd period - Deflect By Jeff Skinner.
5:29 of 2nd period - Stopped by Daniel Vladar with a rebound.
5:44 of 2nd period - Shot by Evgeny Kuznetsov.
5:44 of 2nd period - Shot Blocked by Marc-Edouard Vlasic.
6:06 of 2nd period - Shot by Evgeny Kuznetsov.
6:06 of 2nd period - Stopped by Daniel Vladar without a rebound.
6:07 of 2nd period - Mark Scheifele wins face-off versus Adrian Kempe in SACRAMENTO BANDITS zone.
6:07 of 2nd period - Mark Scheifele is hit by Adrian Kempe.
6:12 of 2nd period - Off-side.
6:13 of 2nd period - Mark Scheifele wins face-off versus Carter Verhaeghe in neutral zone.
6:36 of 2nd period - Shot by Blake Wheeler.
6:36 of 2nd period - Shot Blocked by Morgan Rielly.
6:38 of 2nd period - Shot by Janis Moser.
6:38 of 2nd period - Shot Misses the Net.
6:44 of 2nd period - Shot by Mark Scheifele.
6:44 of 2nd period - Stopped by Jacob Markstrom with a rebound.
6:46 of 2nd period - Shot by Mark Scheifele.
6:46 of 2nd period - Shot Hit the Post.
6:59 of 2nd period - Minor Penalty to Jacob Trouba for Tripping.
7:00 of 2nd period - Nico Hischier wins face-off versus Kent Johnson in ANAHEIM OUTLAWS zone.
7:05 of 2nd period - Shot by Nico Hischier.
7:05 of 2nd period - Stopped by Jacob Markstrom without a rebound.
7:06 of 2nd period - Joey Anderson wins face-off versus Nico Hischier in ANAHEIM OUTLAWS zone.
7:55 of 2nd period - Icing by Ryan McDonagh.
7:56 of 2nd period - Jeff Skinner wins face-off versus Nico Hischier in SACRAMENTO BANDITS zone.
7:59 of 2nd period - Shot by Jeff Skinner.
7:59 of 2nd period - Stopped by Daniel Vladar without a rebound.
8:00 of 2nd period - Jeff Skinner wins face-off versus Mark Scheifele in SACRAMENTO BANDITS zone.
8:16 of 2nd period - Shot by Blake Wheeler.
8:16 of 2nd period - Stopped by Jacob Markstrom with a rebound.
8:18 of 2nd period - Shot by Janis Moser.
8:18 of 2nd period - Stopped by Jacob Markstrom without a rebound.
8:19 of 2nd period - Mark Scheifele wins face-off versus Kent Johnson in ANAHEIM OUTLAWS zone.
8:47 of 2nd period - Icing by Blake Wheeler.
8:48 of 2nd period - Mark Scheifele wins face-off versus Kent Johnson in SACRAMENTO BANDITS zone.
8:57 of 2nd period - Off-side.
8:58 of 2nd period - Nico Hischier wins face-off versus Jeff Skinner in neutral zone.
9:01 of 2nd period - Shot by Patrick Kane.
9:01 of 2nd period - Goal by Patrick Kane - ANAHEIM OUTLAWS : 0 - SACRAMENTO BANDITS : 1.
9:02 of 2nd period - Nico Hischier wins face-off versus Carter Verhaeghe in neutral zone.
9:27 of 2nd period - Michael Bunting is hit by Marc-Edouard Vlasic and loses puck.
9:30 of 2nd period - Shot by Adrian Kempe.
9:30 of 2nd period - Goal by Adrian Kempe - ANAHEIM OUTLAWS : 1 - SACRAMENTO BANDITS : 1.
9:31 of 2nd period - Mark Scheifele wins face-off versus Jeff Skinner in neutral zone.
9:44 of 2nd period - Shot by Blake Wheeler.
9:44 of 2nd period - Shot Blocked by Jacob Trouba.
9:46 of 2nd period - Shot by Blake Wheeler.
9:46 of 2nd period - Goal by Blake Wheeler - ANAHEIM OUTLAWS : 1 - SACRAMENTO BANDITS : 2.
9:47 of 2nd period - Pius Suter wins face-off versus Eetu Luostarinen in neutral zone.
9:58 of 2nd period - Shot by Kent Johnson.
9:58 of 2nd period - Deflect By Jack Quinn.
9:58 of 2nd period - Shot Misses the Net.
10:00 of 2nd period - Shot by Kent Johnson.
10:00 of 2nd period - Shot Misses the Net.
10:02 of 2nd period - Shot by Henri Jokiharju.
10:02 of 2nd period - Stopped by Daniel Vladar with a rebound.
10:04 of 2nd period - Shot by Pius Suter.
10:04 of 2nd period - Deflect By Jack Quinn.
10:04 of 2nd period - Stopped by Daniel Vladar with a rebound.
10:21 of 2nd period - Shot by Jack Quinn.
10:21 of 2nd period - Shot Misses the Net.
10:43 of 2nd period - Shot by Jeff Skinner.
10:43 of 2nd period - Stopped by Daniel Vladar without a rebound.
10:44 of 2nd period - Nico Hischier wins face-off versus Adrian Kempe in SACRAMENTO BANDITS zone.
10:57 of 2nd period - Shot by Nico Hischier.
10:57 of 2nd period - Stopped by Jacob Markstrom with a rebound.
11:00 of 2nd period - Icing by Morgan Rielly.
11:01 of 2nd period - Mark Scheifele wins face-off versus Adrian Kempe in ANAHEIM OUTLAWS zone.
11:20 of 2nd period - Shot by Carter Verhaeghe.
11:20 of 2nd period - Stopped by Daniel Vladar with a rebound.
11:24 of 2nd period - Shot by Michael Bunting.
11:24 of 2nd period - Stopped by Daniel Vladar with a rebound.
11:26 of 2nd period - Shot by Morgan Rielly.
11:26 of 2nd period - Goal by Morgan Rielly - ANAHEIM OUTLAWS : 2 - SACRAMENTO BANDITS : 2.
11:27 of 2nd period - Nico Hischier wins face-off versus Joey Anderson in neutral zone.
11:30 of 2nd period - Shot by David Perron.
11:30 of 2nd period - Stopped by Jacob Markstrom without a rebound.
11:31 of 2nd period - Nico Hischier wins face-off versus Joey Anderson in ANAHEIM OUTLAWS zone.
11:34 of 2nd period - Shot by David Perron.
11:34 of 2nd period - Stopped by Jacob Markstrom without a rebound.
11:35 of 2nd period - Nico Hischier wins face-off versus Joey Anderson in ANAHEIM OUTLAWS zone.
12:04 of 2nd period - Shot by Nico Hischier.
12:04 of 2nd period - Stopped by Jacob Markstrom with a rebound.
12:18 of 2nd period - Shot by Jeff Skinner.
12:18 of 2nd period - Shot Blocked by Ryan McDonagh.
12:20 of 2nd period - Shot by Jeff Skinner.
12:20 of 2nd period - Goal by Jeff Skinner - ANAHEIM OUTLAWS : 3 - SACRAMENTO BANDITS : 2.
12:21 of 2nd period - Mark Scheifele wins face-off versus Jack Quinn in neutral zone.
12:37 of 2nd period - Off-side.
12:38 of 2nd period - Eetu Luostarinen wins face-off versus Adrian Kempe in neutral zone.
12:43 of 2nd period - Shot by Jonathan Huberdeau.
12:43 of 2nd period - Stopped by Jacob Markstrom with a rebound.
12:55 of 2nd period - Shot by Adrian Kempe.
12:55 of 2nd period - Stopped by Daniel Vladar without a rebound.
12:56 of 2nd period - Pius Suter wins face-off versus Mark Scheifele in SACRAMENTO BANDITS zone.
13:14 of 2nd period - Blake Wheeler is hit by Jacob Trouba and loses puck.
13:48 of 2nd period - Icing by Jacob Trouba.
13:49 of 2nd period - Nico Hischier wins face-off versus Pius Suter in ANAHEIM OUTLAWS zone.
14:10 of 2nd period - Shot by Patrick Kane.
14:10 of 2nd period - Stopped by Jacob Markstrom with a rebound.
14:12 of 2nd period - Shot by Ryan McDonagh.
14:12 of 2nd period - Stopped by Jacob Markstrom without a rebound.
14:13 of 2nd period - Alex Chiasson wins face-off versus Joey Anderson in ANAHEIM OUTLAWS zone.
14:37 of 2nd period - Shot by Eetu Luostarinen.
14:37 of 2nd period - Stopped by Jacob Markstrom without a rebound.
14:38 of 2nd period - Nico Hischier wins face-off versus Adrian Kempe in ANAHEIM OUTLAWS zone.
14:41 of 2nd period - Shot by Nico Hischier.
14:41 of 2nd period - Shot Misses the Net.
14:43 of 2nd period - Shot by Nico Hischier.
14:43 of 2nd period - Stopped by Jacob Markstrom without a rebound.
14:44 of 2nd period - Michael Bunting wins face-off versus Nico Hischier in ANAHEIM OUTLAWS zone.
14:51 of 2nd period - Shot by Nico Hischier.
14:51 of 2nd period - Shot Misses the Net.
15:35 of 2nd period - Icing by Marc-Edouard Vlasic.
15:36 of 2nd period - Joey Anderson wins face-off versus Nico Hischier in SACRAMENTO BANDITS zone.
15:57 of 2nd period - Rasmus Sandin is hit by Joey Anderson and loses puck.
16:14 of 2nd period - Henri Jokiharju is hit by Mark Scheifele and loses puck.
17:07 of 2nd period - Off-side.
17:08 of 2nd period - Christian Fischer wins face-off versus Carter Verhaeghe in neutral zone.
17:23 of 2nd period - Off-side.
17:24 of 2nd period - Nico Hischier wins face-off versus Pius Suter in neutral zone.
17:27 of 2nd period - Noah Hanifin is hit by David Perron and loses puck.
17:34 of 2nd period - Nico Hischier is hit by Pius Suter and loses puck.
18:03 of 2nd period - Shot by Patrick Kane.
18:03 of 2nd period - Shot Misses the Net.
18:09 of 2nd period - Shot by Nico Hischier.
18:09 of 2nd period - Stopped by Jacob Markstrom without a rebound.
18:10 of 2nd period - Mark Scheifele wins face-off versus Jeff Skinner in ANAHEIM OUTLAWS zone.
18:14 of 2nd period - Icing by Jacob Trouba.
18:15 of 2nd period - Joey Anderson wins face-off versus Marcus Johansson in ANAHEIM OUTLAWS zone.
18:15 of 2nd period - Joey Anderson is hit by Mark Scheifele.
18:22 of 2nd period - Icing by Jeff Skinner.
18:23 of 2nd period - Joey Anderson wins face-off versus Eetu Luostarinen in ANAHEIM OUTLAWS zone.
18:30 of 2nd period - Shot by Evgeny Kuznetsov.
18:30 of 2nd period - Stopped by Daniel Vladar without a rebound.
18:31 of 2nd period - Blake Wheeler wins face-off versus Adrian Kempe in SACRAMENTO BANDITS zone.
19:04 of 2nd period - Shot by Blake Wheeler.
19:04 of 2nd period - Stopped by Jacob Markstrom with a rebound.
19:06 of 2nd period - Shot by Blake Wheeler.
19:06 of 2nd period - Shot Blocked by Morgan Rielly.
19:11 of 2nd period - Icing by Morgan Rielly.
19:12 of 2nd period - David Perron wins face-off versus Adrian Kempe in ANAHEIM OUTLAWS zone.
Goals for this period are 3 for ANAHEIM OUTLAWS vs 2 for SACRAMENTO BANDITS.
Shots for this period are 14 for ANAHEIM OUTLAWS vs 25 for SACRAMENTO BANDITS.

3rd period


0:01 of 3rd period - Joey Anderson wins face-off versus Eetu Luostarinen in neutral zone.
0:32 of 3rd period - Alex Chiasson is hit by Evgeny Kuznetsov and loses puck.
1:26 of 3rd period - Shot by Mark Scheifele.
1:26 of 3rd period - Stopped by Jacob Markstrom without a rebound.
1:27 of 3rd period - Nico Hischier wins face-off versus Pius Suter in ANAHEIM OUTLAWS zone.
1:27 of 3rd period - David Perron is hit by Henri Jokiharju and loses puck.
1:44 of 3rd period - Shot by Jack Quinn.
1:44 of 3rd period - Stopped by Daniel Vladar without a rebound.
1:45 of 3rd period - Mark Scheifele wins face-off versus Kevin Fiala in SACRAMENTO BANDITS zone.
1:53 of 3rd period - Icing by Janis Moser.
1:54 of 3rd period - Pius Suter wins face-off versus Mark Scheifele in SACRAMENTO BANDITS zone.
1:57 of 3rd period - Shot by Jack Quinn.
1:57 of 3rd period - Stopped by Daniel Vladar with a rebound.
2:06 of 3rd period - Icing by Blake Wheeler.
2:07 of 3rd period - Joey Anderson wins face-off versus Mark Scheifele in SACRAMENTO BANDITS zone.
2:30 of 3rd period - Shot by Blake Wheeler.
2:30 of 3rd period - Shot Blocked by Noah Hanifin.
2:37 of 3rd period - Shot by Janis Moser.
2:37 of 3rd period - Shot Misses the Net.
2:47 of 3rd period - Shot by Mark Scheifele.
2:47 of 3rd period - Stopped by Jacob Markstrom with a rebound.
2:49 of 3rd period - Shot by Blake Wheeler.
2:49 of 3rd period - Stopped by Jacob Markstrom with a rebound.
2:54 of 3rd period - Icing by Henri Jokiharju.
2:55 of 3rd period - Nico Hischier wins face-off versus Evgeny Kuznetsov in ANAHEIM OUTLAWS zone.
2:55 of 3rd period - Nico Hischier is hit by Noah Hanifin.
3:05 of 3rd period - Icing by Nico Hischier.
3:06 of 3rd period - Nico Hischier wins face-off versus Adrian Kempe in SACRAMENTO BANDITS zone.
3:06 of 3rd period - Nico Hischier is hit by Michael Bunting.
3:20 of 3rd period - Shot by David Perron.
3:20 of 3rd period - Shot Misses the Net.
3:23 of 3rd period - Icing by Morgan Rielly.
3:24 of 3rd period - Adrian Kempe wins face-off versus Alex Chiasson in ANAHEIM OUTLAWS zone.
3:55 of 3rd period - Shot by Jonathan Huberdeau.
3:55 of 3rd period - Stopped by Jacob Markstrom without a rebound.
3:56 of 3rd period - Pius Suter wins face-off versus Nico Hischier in ANAHEIM OUTLAWS zone.
4:58 of 3rd period - Shot by Evgeny Kuznetsov.
4:58 of 3rd period - Shot Misses the Net.
5:21 of 3rd period - Shot by Jeff Skinner.
5:21 of 3rd period - Shot Misses the Net.
5:34 of 3rd period - Off-side.
5:35 of 3rd period - Alex Chiasson wins face-off versus Kevin Fiala in neutral zone.
5:40 of 3rd period - Shot by Eetu Luostarinen.
5:40 of 3rd period - Deflect By Jonathan Huberdeau.
5:40 of 3rd period - Shot Blocked by Jacob Trouba.
5:50 of 3rd period - Jonathan Huberdeau is hit by Jacob Trouba and loses puck.
6:02 of 3rd period - Kevin Fiala is hit by Brendan Smith and loses puck.
6:03 of 3rd period - Minor Penalty to Brendan Smith for High sticking.
6:04 of 3rd period - Kevin Fiala wins face-off versus Eetu Luostarinen in SACRAMENTO BANDITS zone.
6:11 of 3rd period - Shot by Jeff Skinner.
6:11 of 3rd period - Shot Misses the Net.
6:24 of 3rd period - Shot by Jeff Skinner.
6:24 of 3rd period - Shot Misses the Net.
6:39 of 3rd period - Shot by Jeff Skinner.
6:39 of 3rd period - Stopped by Daniel Vladar without a rebound.
6:40 of 3rd period - Nico Hischier wins face-off versus Evgeny Kuznetsov in SACRAMENTO BANDITS zone.
6:51 of 3rd period - Jacob Trouba is hit by Nico Hischier.
7:09 of 3rd period - Shot by Evgeny Kuznetsov.
7:09 of 3rd period - Shot Blocked by Ryan McDonagh.
7:11 of 3rd period - Shot by Morgan Rielly.
7:11 of 3rd period - Shot Misses the Net.
7:41 of 3rd period - Shot by Noah Hanifin.
7:41 of 3rd period - Stopped by Daniel Vladar with a rebound.
7:43 of 3rd period - Shot by Henri Jokiharju.
7:43 of 3rd period - Shot Blocked by Oliver Ekman-Larsson.
7:45 of 3rd period - Shot by Noah Hanifin.
7:45 of 3rd period - Shot Misses the Net.
7:47 of 3rd period - Shot by Noah Hanifin.
7:47 of 3rd period - Stopped by Daniel Vladar without a rebound.
7:48 of 3rd period - Patrick Kane wins face-off versus Kevin Fiala in SACRAMENTO BANDITS zone.
8:13 of 3rd period - Shot by Michael Bunting.
8:13 of 3rd period - Stopped by Daniel Vladar with a rebound.
8:16 of 3rd period - Icing by Brendan Smith.
8:17 of 3rd period - Eetu Luostarinen wins face-off versus Pius Suter in SACRAMENTO BANDITS zone.
8:17 of 3rd period - Eetu Luostarinen is hit by Pius Suter.
9:15 of 3rd period - Shot by Jeff Skinner.
9:15 of 3rd period - Stopped by Daniel Vladar without a rebound.
9:16 of 3rd period - Mark Scheifele wins face-off versus Adrian Kempe in SACRAMENTO BANDITS zone.
9:45 of 3rd period - Shot by Adrian Kempe.
9:45 of 3rd period - Shot Misses the Net.
9:47 of 3rd period - Shot by Ian Mitchell.
9:47 of 3rd period - Shot Misses the Net.
9:53 of 3rd period - Shot by Carter Verhaeghe.
9:53 of 3rd period - Shot Misses the Net.
9:57 of 3rd period - Shot by Adrian Kempe.
9:57 of 3rd period - Stopped by Daniel Vladar without a rebound.
9:58 of 3rd period - Nico Hischier wins face-off versus Joey Anderson in SACRAMENTO BANDITS zone.
10:40 of 3rd period - Icing by Henri Jokiharju.
10:41 of 3rd period - Christian Fischer wins face-off versus Joey Anderson in ANAHEIM OUTLAWS zone.
10:44 of 3rd period - Shot by Christian Fischer.
10:44 of 3rd period - Shot Misses the Net.
11:20 of 3rd period - Shot by Carter Verhaeghe.
11:20 of 3rd period - Shot Misses the Net.
11:59 of 3rd period - Shot by Blake Wheeler.
11:59 of 3rd period - Stopped by Jacob Markstrom without a rebound.
12:00 of 3rd period - Nico Hischier wins face-off versus Pius Suter in ANAHEIM OUTLAWS zone.
12:03 of 3rd period - Shot by David Perron.
12:03 of 3rd period - Stopped by Jacob Markstrom with a rebound.
13:04 of 3rd period - Major / Game Misconduct Penalty to Brendan Smith for Butt-ending.
13:04 of 3rd period - Brendan Smith is ejected from game.
13:05 of 3rd period - Nico Hischier wins face-off versus Joey Anderson in SACRAMENTO BANDITS zone.
13:05 of 3rd period - Nico Hischier is hit by Michael Bunting.
13:45 of 3rd period - Shot by Morgan Rielly.
13:45 of 3rd period - Shot Blocked by Mark Scheifele.
13:47 of 3rd period - Shot by Jacob Trouba.
13:47 of 3rd period - Shot Blocked by Janis Moser.
13:58 of 3rd period - Icing by Kent Johnson.
13:59 of 3rd period - Patrick Kane wins face-off versus Kevin Fiala in ANAHEIM OUTLAWS zone.
14:09 of 3rd period - Off-side.
14:10 of 3rd period - Nico Hischier wins face-off versus Kevin Fiala in neutral zone.
14:35 of 3rd period - Shot by Jeff Skinner.
14:35 of 3rd period - Goal by Jeff Skinner - ANAHEIM OUTLAWS : 4 - SACRAMENTO BANDITS : 2.
14:36 of 3rd period - Nico Hischier wins face-off versus Joey Anderson in neutral zone.
15:22 of 3rd period - David Perron is hit by Michael Bunting and loses puck.
15:48 of 3rd period - Shot by Kevin Fiala.
15:48 of 3rd period - Shot Blocked by Marc-Edouard Vlasic.
15:50 of 3rd period - Shot by Henri Jokiharju.
15:50 of 3rd period - Stopped by Daniel Vladar with a rebound.
15:56 of 3rd period - Shot by Kevin Fiala.
15:56 of 3rd period - Stopped by Daniel Vladar without a rebound.
15:57 of 3rd period - David Perron wins face-off versus Kevin Fiala in SACRAMENTO BANDITS zone.
16:40 of 3rd period - Shot by Jacob Trouba.
16:40 of 3rd period - Shot Misses the Net.
17:32 of 3rd period - Shot by Kevin Fiala.
17:32 of 3rd period - Shot Blocked by Oliver Ekman-Larsson.
17:46 of 3rd period - Icing by Jacob Trouba.
17:47 of 3rd period - Nico Hischier wins face-off versus Adrian Kempe in ANAHEIM OUTLAWS zone.
18:00 of 3rd period - Shot by Adrian Kempe.
18:00 of 3rd period - Stopped by Daniel Vladar without a rebound.
18:01 of 3rd period - Nico Hischier wins face-off versus Joey Anderson in SACRAMENTO BANDITS zone.
18:07 of 3rd period - Icing by David Gustafsson.
18:08 of 3rd period - Eetu Luostarinen wins face-off versus Kevin Fiala in ANAHEIM OUTLAWS zone.
18:08 of 3rd period - Eetu Luostarinen is hit by Rasmus Ristolainen.
18:38 of 3rd period - Shot by Kevin Fiala.
18:38 of 3rd period - Deflect By Pierre Engvall.
18:38 of 3rd period - Shot Blocked by Oliver Ekman-Larsson.
18:40 of 3rd period - Shot by David Gustafsson.
18:40 of 3rd period - Shot Misses the Net.
19:18 of 3rd period - Shot by Adrian Kempe.
19:18 of 3rd period - Shot Misses the Net.
19:20 of 3rd period - Shot by Morgan Rielly.
19:20 of 3rd period - Shot Misses the Net.
Goals for this period are 1 for ANAHEIM OUTLAWS vs 0 for SACRAMENTO BANDITS.
Shots for this period are 12 for ANAHEIM OUTLAWS vs 6 for SACRAMENTO BANDITS.


OWEN
TIPPETT
GUSTAV
FORSLING
MATTHEW
BOLDY

EAST COAST

HOCKEY LEAGUE

  • 67.PIT4RHI2
  • 68.ATL5WOR3
  • 69.QUECHW
  • 70.CHATRV